 Dungeon Crawl Stone Soup version 0.28.0-53-g5a82cb258f (webtiles) character file.

Game seed: 13488802279868577816

91 issech the Chopper (level 4, -12/41 HPs)
             Began as a Minotaur Monk on June 5, 2022.
             Mangled by an ogre
             ... wielding a +0 giant club
              (25 damage)
             ... on level 3 of the Dungeon.
             The game lasted 00:07:39 (2525 turns).

issech the Chopper (Minotaur Monk)                  Turns: 2525, Time: 00:07:40

Health: -12/41     AC: 11    Str: 16    XL:     4   Next: 34%
Magic:  3/3        EV:  7    Int:  7    God:
Gold:   52         SH:  0    Dex: 14    Spells: 3/3 levels left

rFire   . . .      SeeInvis .   d - +0 war axe
rCold   . . .      Faith    .   (no shield)
rNeg    . . .      Spirit   .   p - +3 chain mail
rPois   .          Reflect  .   (helmet restricted)
rElec   .          Harm     .   (no cloak)
rCorr   .          Rampage  .   (no gloves)
Will    .....                   (no boots)
Stlth   ..........              (no amulet)
HPRegen 0.13/turn               (no ring)
MPRegen 0.08/turn               (no ring)

@: no status effects
A: horns 2, retaliatory headbutt
a: no special abilities


You were on level 3 of the Dungeon.
You visited 1 branch of the dungeon, and saw 3 of its levels.

You collected 52 gold pieces.

Inventory:

Hand Weapons
 a - a +0 hand axe
 d - a +0 war axe (weapon)
 e - a +0 short sword of speed
 g - a +0 hunting sling
 n - a +3 whip
Missiles
 c - 63 stones (quivered)
 h - 21 arrows
 k - 41 sling bullets
 o - 4 poisoned darts
Armour
 b - a +0 robe
 m - a +0 leather armour
 p - a +3 chain mail (worn)
Scrolls
 j - 2 scrolls of magic mapping {unknown}
 l - a scroll of enchant armour {unknown}
 q - a scroll of fear {unknown}
Potions
 f - a potion of heal wounds {unknown}
 i - a potion of curing {unknown}


   Skills:
 + Level 4.3 Fighting
 + Level 4.8 Axes
 + Level 1.1 Armour
 + Level 3.9 Dodging
 + Level 1.9 Stealth


You had 3 spell levels left.
You didn't know any spells.
Your spell library was empty.

Dungeon Overview and Level Annotations

Branches:
Dungeon (3/15)

Altars:

Shops:
D:1 *


Innate Abilities, Weirdness & Mutations

You have a pair of horns on your head.
You reflexively headbutt those who attack you in melee.


Message History

You miss the adder.
The adder is heavily wounded.
The adder bites you but does no damage. The adder completely misses you.
You furiously retaliate!
You headbutt the adder.
You kill the adder!
There is an escape hatch in the ceiling here.
Found a scroll labelled GOGO NUKLAETIOH.
j - 2 scrolls labelled GOGO NUKLAETIOH (gained 1)
There is an open door here.
You open the door.
There is an open door here.
There is an open door here.
Done exploring.
Done exploring.
There is a stone staircase leading down here.
You climb downwards.
The ogre shouts!
Found a stone staircase leading down.
There is a stone staircase leading up here.
You throw a stone.
The stone hits the ogre but does no damage.
You throw a stone. The stone hits the ogre.
The ogre is lightly wounded.
You hit the ogre. You headbutt the ogre.
The ogre is moderately wounded.
The ogre hits you but does no damage.
You barely miss the ogre. You headbutt the ogre.
The ogre is moderately wounded.
The ogre hits you with a +0 giant club.
You hit the ogre.
The ogre is moderately wounded.
The ogre hits you with a +0 giant club!
You hit the ogre. You headbutt the ogre.
The ogre is severely wounded.
The ogre hits you with a +0 giant club!
You completely miss the ogre.
The ogre is severely wounded.
The ogre hits you with a +0 giant club!!
Ouch! That really hurt!
You die...

.....
....>
#####.....
#.........
#.........
#.........
#.........
#.@.......
#.O.......
#.(.......
#.(.......
##########


You could see an ogre.

Vanquished Creatures
  Terence (D:2)
  2 adders (D:2)
  2 dart slugs (D:1)
  3 endoplasms
  2 giant cockroaches (D:2)
  4 hobgoblins
  4 quokkas
  2 ball pythons (D:2)
  7 bats
  2 frilled lizards
  8 goblins
  3 kobolds
  3 rats
  6 bushes (D:1)
49 creatures vanquished.

Vanquished Creatures (others)
  3 plants (D:1)
3 creatures vanquished.

Grand Total: 52 creatures vanquished

Notes
Turn   | Place    | Note
-------+----------+-------------------------------------------
     0 | D:1      | issech the Minotaur Monk began the quest for the Orb.
     0 | D:1      | Reached XP level 1. HP: 19/19 MP: 0/0
   101 | D:1      | Reached XP level 2. HP: 17/27 MP: 1/1
   114 | D:1      | Found Leruupa's Assorted Antiques.
  1132 | D:2      | Reached XP level 3. HP: 33/33 MP: 2/2
  1747 | D:2      | Noticed Terence
  1758 | D:2      | HP: 1/33 [Terence/+0 hand axe (8)]
  1759 | D:2      | Killed Terence
  1760 | D:2      | Reached skill level 1 in Armour
  1760 | D:2      | Reached XP level 4. HP: 1/41 MP: 3/3
  2518 | D:3      | Noticed an ogre
  2525 | D:3      | Mangled by an ogre

Illustrated notes

Levels and vault maps discovered:
D:1:      dpeg_arrival_more_subterranean_lakeside_camping, layout_basic,
          serial_forest, infiniplex_forest_clump_curved, infiniplex_forest_pool,
          infiniplex_forest_clump_long, infiniplex_forest_end_2,
          infiniplex_forest_clump_tiny, infiniplex_forest_lined_4_way,
          infiniplex_forest_lined_2, serial_shops, nicolae_shop_crystal
D:2:      layout_basic, uniq_terence
D:3:      layout_rooms, general_overflow_altar

Skill      XL: |  1  2  3 |
---------------+----------+-----
Axes           | 4 |  4.8
Fighting       | 4 |  4.3
Armour         | 1 |  1.1
Dodging        | |  3.9
Stealth        | |  1.9

Action                   |  1- 3 |  4- 6 || total
-------------------------+-------+-------++-------
Melee: Hand axe          |    11 |       ||    11
       Headbutt          |    82 |     3 ||    85
       War axe           |   269 |    11 ||   280
       Punch             |     5 |       ||     5
Throw: Stone             |       |     2 ||     2
Armor: Robe              |     3 |       ||     3
       Leather armour    |     4 |       ||     4
       Chain mail        |       |     5 ||     5
Dodge: Dodged            |    60 |     7 ||    67
